 Dungeon Crawl Stone Soup version 0.15-a0-1004-gbf4e2e6 (console) character file.

515 Kellhus the Ruinous (level 7, 37/46 HPs)
             Began as a Demonspawn Wizard on May 25, 2014.
             Quit the game on Level 4 of the Dungeon.
             The game lasted 00:07:31 (4834 turns).

Kellhus the Ruinous (Demonspawn Wizard)             Turns: 4834, Time: 00:07:31

HP  37/46        AC  5     Str  7      XL: 7   Next:  0%
MP   0/18        EV 12     Int 21      God:
Gold 255         SH  0     Dex 14      Spells:  3 memorised,  8 levels left

rFire  + . .     SeeInvis .     (no weapon)
rCold  + + .     Clarity  .     G - +2 robe {rC+ rF+}
rNeg   . . .     Conserve .     (no shield)
rPois  .         rCorr    .     b - +0 hat
rElec  .         rRot     .     (no cloak)
SustAb .         Spirit   .     f - +0 pair of gloves
rMut   .         Warding  .     (no boots)
Gourm  .         Stasis   .     (no amulet)
MR     .....                    (no ring)
                                x - ring of wizardry

@: not resistant to hostile enchantments, unstealthy
A: thin skeletal structure 1, cold resistance 1, conserve potions
a: no special abilities


You were on level 4 of the Dungeon.
You were not hungry.

You visited 1 branch of the dungeon, and saw 4 of its levels.

You collected 255 gold pieces.

Inventory:

Missiles
 F - 2 curare-tipped needles
Armour
 a - a +0 robe
 b - a +0 hat (worn)
 f - a +0 pair of gloves (worn)
 G - a +2 robe of resistance (worn)
Comestibles
 d - 3 bread rations
 p - 3 meat rations
 s - a beef jerky
 v - a sausage
 D - a royal jelly
 E - a chunk of jackal flesh
 H - a chunk of giant cockroach flesh
Scrolls
 e - 2 scrolls of teleportation {unknown}
 g - a scroll of noise {unknown}
 h - 4 scrolls of amnesia {unknown}
 j - 3 scrolls of identify {unknown}
 k - a scroll of enchant weapon I {unknown}
 l - 5 scrolls of remove curse {unknown}
 m - a scroll of fog {unknown}
 n - a scroll of enchant weapon II {unknown}
 q - 2 scrolls of magic mapping {unknown}
 u - 3 scrolls of immolation {unknown}
 y - a scroll of random uselessness {unknown}
 C - 2 scrolls of enchant armour {unknown}
Jewellery
 x - a ring of wizardry (left hand)
Potions
 i - 2 potions of heal wounds {unknown}
 o - a potion of agility {unknown}
 r - a potion of restore abilities {unknown}
 w - a potion of resistance {unknown}
 z - 3 potions of curing {unknown}
 A - a potion of magic {unknown}
 B - 2 potions of degeneration {unknown}
Books
 c - a book of Minor Magic

   Spells                             Type                      Level
   *Magic Dart                        Conjuration                  1
   Blink                              Translocation                2
   Call Imp                           Summoning                    2
   Repel Missiles                     Charms/Air                   2
   Slow                               Hexes                        2
   *Conjure Flame                     Conjuration/Fire             3
   *Mephitic Cloud                    Conjuration/Poison/Air       3
 t - a book of Summonings

   Spells                             Type                      Level
   Abjuration                         Summoning                    3
   Recall                             Summoning/Translocation      3
   Shadow Creatures                   Summoning                    5
   Summon Demon                       Summoning                    5
   Summon Forest                      Summoning/Translocation      5
   Monstrous Menagerie                Summoning                    6


   Skills:
 - Level 1.7 Dodging
 - Level 1.7 Stealth
 + Level 4.8 Spellcasting
 - Level 6.1 Conjurations
   Level 1.0 Summonings
   Level 0.8 Translocations


You had 8 spell levels left.
You knew the following spells:

 Your Spells              Type           Power        Failure   Level  Hunger
a - Magic Dart            Conj           ####         1%          1    None
b - Conjure Flame         Conj/Fire      ###.....     4%          3    ##.....
c - Mephitic Cloud        Conj/Pois/Air  ##......     7%          3    ##.....


Dungeon Overview and Level Annotations

Branches:
Dungeon (4/15)
 Temple: D:4-7

Altars:
Fedhas
Qazlal
Zin

Shops:
D:4 %*


Innate Abilities, Weirdness & Mutations

You have a somewhat thin skeletal structure (Dex +2, Stealth).
Your flesh is cold resistant.
You are very good at protecting items from cold.


Message History

Aim: a giant cockroach (severely wounded)
The magic dart hits the giant mite.
The giant mite is severely wounded.
The giant mite bites you but does no damage.
The giant gecko closely misses you.
Casting: Magic Dart
Confirm with . or Enter, or press ? or * to list all spells.
Aiming: Magic Dart
Press: ? - help, Shift-Dir - straight line, f/p - giant cockroach
Aim: a giant cockroach (severely wounded)
The magic dart hits the giant mite.
You kill the giant mite!
You have reached level 7!
Your demonic ancestry asserts itself...
Your bones become slightly less dense.
The giant gecko misses you.
You hit the giant cockroach but do no damage.
The giant cockroach is severely wounded.
The giant gecko bites you but does no damage.
The giant cockroach bites you. The giant gecko closely misses you.
Are you sure you want to abandon this character and quit the game? (Confirm with "yes".)

#.....#8..# #.# ##.##
##..##....##### ..#
####...
#..............
............
#.###^########
......### ##)#...##
#####.#.. ##....#.##≈
#.#..
#...[.#.##..#######
#....
#.....#..#..≈l≈≈≈≈##
###..
#.....#####.≈s@..≈≈##
......
##.......###≈≈≈≈≈≈%.#
###..
#######.#########..#
#.. #.#≈≈≈≈≈≈≈≈..#
### #.≈≈≈≈.≈≈%.≈##
#..≈≈######## ######


You could see a giant gecko and a giant cockroach.

Vanquished Creatures
  A necrophage (D:4)
  Sigmund (D:2)
  A giant frog skeleton (D:4)
  An orc wizard (D:3)
  A worker ant (D:3)
  6 adders
  5 gnolls
  An orc skeleton (D:4)
  2 worms
  9 giant mites
  8 giant geckos
  An ooze (D:1)
  4 orcs
  10 bats
  5 giant cockroaches
  6 hobgoblins
  18 jackals
  4 giant newts
  11 goblins
  10 kobolds
  10 rats
115 creatures vanquished.

Vanquished Creatures (others)
  A goblin (D:3)
1 creature vanquished.

Grand Total: 116 creatures vanquished

Notes
Turn   | Place    | Note
--------------------------------------------------------------
     0 | D:1      | Kellhus, the Demonspawn Wizard, began the quest for the Orb.
     0 | D:1      | Reached XP level 1. HP: 13/13 MP: 4/4
   510 | D:1      | Gained mutation: Your flesh is cold resistant. [demonic ancestry]
   510 | D:1      | Reached XP level 2. HP: 17/19 MP: 0/6
   783 | D:1      | Reached XP level 3. HP: 24/24 MP: 0/7
  1824 | D:2      | Gained mutation: You are very good at protecting items from cold. [demonic ancestry]
  1824 | D:2      | Reached XP level 4. HP: 30/30 MP: 3/9
  1850 | D:2      | Noticed Sigmund
  1882 | D:2      | Learned a level 3 spell: Mephitic Cloud
  1913 | D:2      | Killed Sigmund
  1913 | D:2      | Reached skill level 4 in Conjurations
  2210 | D:2      | Reached XP level 5. HP: 35/35 MP: 8/11
  2228 | D:2      | Reached skill level 5 in Conjurations
  2398 | D:3      | Found a stormy altar of Qazlal.
  2914 | D:3      | Found a blossoming altar of Fedhas.
  3290 | D:3      | Reached skill level 6 in Conjurations
  3290 | D:3      | Reached XP level 6. HP: 11/41 MP: 0/12
  3513 | D:3      | Learned a level 3 spell: Conjure Flame
  4314 | D:4      | Found Zin's Purification Station.
  4421 | D:4      | Found Kuis' Food Shoppe.
  4452 | D:4      | Found a glowing silver altar of Zin.
  4832 | D:4      | Gained mutation: You have a somewhat thin skeletal structure (Dex +2, Stealth). [demonic ancestry]
  4832 | D:4      | Reached XP level 7. HP: 39/46 MP: 0/18
  4834 | D:4      | Quit the game

Action                   |  1- 3 |  4- 6 |  7- 9 || total
-------------------------+-------+-------+-------++-------
Melee: Unarmed           |    31 |    22 |     1 ||    54
 Cast: Magic Dart        |    89 |   225 |     1 ||   315
       Mephitic Cloud    |       |     1 |       ||     1
       Conjure Flame     |       |     1 |       ||     1
